 Dungeon Crawl Stone Soup version 0.30-a0-696-g2367cd04db (webtiles) character file.

Game seed: 6002399428210567047

3559 flotson the Trooper (level 9, 0/71 HPs)
             Began as a Demonspawn Delver on Jan 21, 2023.
             Was an Initiate of Hepliaklqana.
             Slain by Grum
             ... wielding a +1 halberd of freezing
              (21 damage)
             ... in a bailey.
             The game lasted 00:17:26 (6455 turns).

flotson the Trooper (Demonspawn Delver)             Turns: 6455, Time: 00:17:27

Health: 0/71       AC: 16    Str: 22    XL:     9   Next: 83%
Magic:  0/11       EV: 14    Int: 12    God:    Hepliaklqana [......]
Gold:   144        SH:  0    Dex: 15    Spells: 8/8 levels left

rFire   + . .      SeeInvis .    R - +0 glaive
rCold   + . .      Faith    .    (shield currently unavailable)
rNeg    . . .      Spirit   +    D - +3 leather armour {Will+}
rPois   +          Reflect  .    b - +1 helmet
rElec   .          Harm     .    G - scarf {rC+ rF+}
rCorr   .          Rampage  .    (no gloves)
Will    +....                    f - +0 pair of boots
Stlth   +++                      k - amulet of guardian spirit
HPRegen 0.31/turn                c - ring of poison resistance
MPRegen 0.12/turn                z - +6 ring of strength

@: mighty, sanguine armoured
A: foul stench 1, spiny 1, sanguine armour 1, demonic touch 2
a: Renounce Religion


You were in a bailey.
You worshipped Hepliaklqana.
Hepliaklqana was noncommittal.
You visited 2 branches of the dungeon, and saw 9 of its levels.
You also visited: Bailey.

You collected 391 gold pieces.
You spent 247 gold pieces at shops.

Inventory:

Hand Weapons
 a - a +6 flail
 M - a +2 flail of protection
 O - a +0 spectral mace
 Q - a +0 halberd
 R - a +0 glaive (weapon)
Missiles
 e - 8 throwing nets
 t - a poisoned dart
 v - 2 boomerangs (quivered)
 y - 6 atropa-tipped darts
Armour
 b - a +1 helmet (worn)
 f - a +0 pair of boots (worn)
 s - a scarf of invisibility
 D - a +3 leather armour of willpower (worn)
 G - a scarf of resistance (worn)
Jewellery
 c - a ring of poison resistance (left hand)
 k - an amulet of guardian spirit (around neck)
 z - a +6 ring of strength (right hand)
Wands
 g - a wand of digging (3)
 I - a wand of paralysis (5)
 P - a wand of flame (12)
Scrolls
 d - 2 scrolls of butterflies {unknown}
 h - 3 scrolls of silence {unknown}
 i - 7 scrolls of identify {unknown}
 m - a scroll of vulnerability {unknown}
 n - 2 scrolls of teleportation {unknown}
 o - 2 scrolls of blinking
 x - a scroll of amnesia {unknown}
 A - 2 scrolls of poison {unknown}
 F - a scroll of enchant weapon {unknown}
 J - 2 scrolls of enchant armour
 K - a scroll of immolation {unknown}
 N - a scroll of noise {unknown}
Potions
 j - a potion of attraction {unknown}
 l - 2 potions of heal wounds {unknown}
 p - a potion of cancellation {unknown}
 q - 2 potions of curing
 r - 2 potions of might
 u - a potion of flight {unknown}
 w - a potion of invisibility {unknown}
 B - a potion of lignification {unknown}
 C - a potion of mutation {unknown}
 E - 2 potions of berserk rage {unknown}
 H - a potion of brilliance {unknown}
 L - a potion of ambrosia {unknown}


   Skills:
 + Level 6.7 Fighting
 * Level 3.4 Axes
 + Level 4.9 Throwing
 + Level 5.3 Armour
 + Level 5.8 Dodging
 - Level 5.0 Stealth
 + Level 3.0 Invocations
 + Level 5.9 Evocations


You had 8 spell levels left.
You didn't know any spells.
Your spell library contained the following spells:

 Spells                   Type           Power      Damage    Failure   Level
 Shock                    Conj/Air       0%         1d3       36%         1
 Swiftness                Air            0%         N/A       75%         3
 Airstrike                Air            0%         2d(0-16)  98%         4
 Iron Shot                Conj/Erth      0%         9d1       100%        6
 Statue Form              Tmut/Erth      0%         N/A       100%        6
 Necromutation            Tmut/Necr      0%         N/A       100%        8


Dungeon Overview and Level Annotations

Branches:
Dungeon (8/15)             Temple (1/1) D:7            Lair (0/5) D:8
 Bailey (1/1)

Altars:
Ashenzari
Cheibriados
Dithmenos
Fedhas
Gozag
Hepliaklqana
Kikubaaqudgha
Makhleb
Nemelex Xobeh
Okawaru
Ru
Sif Muna
Trog
Uskayaw
Wu Jian
Xom
Yredelemnul

Shops:
D:6 *   D:7 (

Annotations:
Bailey Grum


Innate Abilities, Weirdness & Mutations

You may rarely emit foul miasma when damaged in melee.
You are partially covered in sharp spines.
When seriously injured, your blood forms armour. (AC +6)
Your touch may inflict irresistible damage on your foes.


Message History

Grum growls angrily.
Throw: 2 boomerangs
Press: ? - help, Q - select action, (/) - cycle Shift-Dir - straight line, f - Grum
Aim: Grum, wielding a +1 halberd of freezing, wearing a +1 ring mail of willpower and wearing the ring "Githruse" {Fly Slay+2} (71% to hit)
You throw a boomerang. The boomerang completely misses Grum.
A gnoll sergeant comes into view. It is wielding a +0 halberd.
Grum hits you with a +1 halberd of freezing.
You see here a wolf corpse.
You hit Grum but do no damage. Grum is struck by your spines.
Grum closely misses you.
You hit Grum.
Grum is moderately wounded.
Grum hits you with a +1 halberd of freezing! x2
Grum freezes you.
You slash Grum!
Grum is heavily wounded.
Grum closely misses you. Grum is struck by your spines. Grum barely misses you.
You hit Grum but do no damage.
Grum is heavily wounded.
Grum misses you.
The gnoll sergeant hits you from afar with a +0 halberd.
You hit Grum but do no damage.
Grum is heavily wounded.
The gnoll sergeant completely misses you.
Grum barely misses you.
Grum hits you with a +1 halberd of freezing!!
* * * LOW HITPOINT WARNING * * *
Grum freezes you.
* * * LOW HITPOINT WARNING * * *
The gnoll sergeant hits you but does no damage.
You feel better. The gnoll sergeant barely misses you.
Grum is struck by your spines. Grum misses you.
It was a potion of might.
You feel very mighty all of a sudden.
The gnoll sergeant hits you from afar with a +0 halberd.
* * * LOW HITPOINT WARNING * * *
Grum barely misses you.
You feel better.
Grum hits you with a +1 halberd of freezing!!
You die...

..≈≈♣♣ #..≈.♣
#..≈.♣♣ #..≈..♣ ##
#..≈..♣ .##
#..≈.(♣♣
..######..≈...♣♣
...#..['[[.)[.÷♣♣♣#
.[('.([([[(.((gg@∩#
.[(#...').[.[..♣♣♣#
(.######..≈...♣♣
.## #..≈...♣ ##
#..≈...♣ #..≈..♣♣
#..≈.♣♣ #..≈.♣
...≈≈♣♣


You could see Grum and a gnoll sergeant.

Vanquished Creatures
  A water moccasin (D:7)
  An acid dragon (D:7)
  2 sky beasts (D:7)
  3 ogres
  6 wolves (Bailey)
  3 bullfrogs
  5 scorpions
  5 gnoll sergeants (Bailey)
  4 necrophages
  5 wights (D:7)
  9 gnoll boudas
  5 orc priests
  4 hounds
  3 iguanas (D:6)
  3 orc wizards
  29 gnolls
  6 adders
  A white imp (D:7)
  An ufetubus (D:5)
  A worm (D:3)
  35 orcs
  2 bats
  5 endoplasms
  3 giant cockroaches
  7 goblins
  7 hobgoblins
  5 kobolds
  5 quokkas
  6 ball pythons
  2 frilled lizards (D:2)
  4 rats
178 creatures vanquished.

Vanquished Creatures (others)
  5 plants (D:8)
5 creatures vanquished.

Grand Total: 183 creatures vanquished

Notes
Turn   | Place    | Note
-------+----------+-------------------------------------------
     0 | D:5      | flotson the Demonspawn Delver began the quest for the Orb.
     0 | D:5      | Reached XP level 1. HP: 18/18 MP: 1/1
    58 | D:5      | Noticed an orc priest
    67 | D:4      | Noticed an iguana
    79 | D:4      | Found an iron altar of Okawaru.
   139 | D:4      | Identified the +11 spear of Xechomn {flame, Drain rElec
                  | Str-5 Stlth+}
   153 | D:4      | Found a snail-covered altar of Cheibriados.
   175 | D:3      | Gained mutation: You may rarely emit foul miasma when
                  | damaged in melee. [demonic ancestry]
   175 | D:3      | Reached XP level 2. HP: 15/24 MP: 2/2
   302 | D:2      | Got the Commentary on Mercurial Grit
   431 | D:1      | Gained mutation: Your touch may inflict minor irresistible
                  | damage on your foes. [demonic ancestry]
   431 | D:1      | Reached XP level 3. HP: 29/29 MP: 3/3
   833 | D:1      | Reached skill level 1 in Evocations
  1159 | D:2      | Noticed a scorpion
  1168 | D:2      | Killed a scorpion
  1169 | D:2      | Reached skill level 1 in Armour
  1169 | D:2      | Reached XP level 4. HP: 24/35 MP: 4/4
  1763 | D:3      | Reached skill level 5 in Stealth
  1769 | D:3      | Gained mutation: When seriously injured, your blood forms
                  | armour. (AC +6) [demonic ancestry]
  1769 | D:3      | Reached XP level 5. HP: 40/42 MP: 5/5
  2520 | D:4      | Reached skill level 4 in Fighting
  2587 | D:4      | Reached XP level 6. HP: 48/48 MP: 6/6
  2610 | D:4      | Reached skill level 1 in Throwing
  2900 | D:4      | Gained mutation: Your touch may inflict irresistible damage
                  | on your foes. [demonic ancestry]
  2900 | D:4      | Reached XP level 7. HP: 25/55 MP: 7/7
  3994 | D:6      | Reached skill level 5 in Fighting
  4108 | D:6      | Gained mutation: You are partially covered in sharp spines.
                  | [demonic ancestry]
  4108 | D:6      | Reached XP level 8. HP: 54/62 MP: 8/8
  4138 | D:6      | Found Dibbeh's Assorted Antiques.
  4145 | D:6      | Bought a puce potion for 20 gold pieces
  4145 | D:6      | Bought a smoky pink potion for 20 gold pieces
  4145 | D:6      | Bought a scroll labelled GOPNESH LIUNAUH for 23 gold pieces
  4145 | D:6      | Bought a short gold wand for 92 gold pieces
  4145 | D:6      | Bought a scroll labelled ZIHAET ONEIHAF for 23 gold pieces
  4145 | D:6      | Bought a scroll labelled XUXEULICUO for 23 gold pieces
  4145 | D:6      | Bought 2 scrolls labelled ZIHAET ONEIHAF for 46 gold pieces
  5209 | D:7      | Found Rudaf's Weapon Boutique.
  5274 | D:7      | Reached skill level 6 in Fighting
  5274 | D:7      | Reached skill level 5 in Dodging
  5278 | D:7      | Reached skill level 5 in Evocations
  5295 | D:7      | Reached XP level 9. HP: 47/69 MP: 5/9
  5600 | D:7      | Found a staircase to the Ecumenical Temple.
  5611 | Temple   | Entered the Ecumenical Temple
  5616 | Temple   | Became a worshipper of Hepliaklqana the Forgotten
  5809 | D:8      | Found a staircase to the Lair.
  5810 | D:8      | Noticed a komodo dragon
  5833 | D:8      | Found a flagged portal.
  5856 | Bailey   | Entered a bailey
  5871 | Bailey   | Reached skill level 1 in Invocations
  6133 | Bailey   | Reached skill level 5 in Armour
  6418 | Bailey   | Identified the ring "Githruse" {Fly Slay+2}
  6418 | Bailey   | Noticed Grum
  6455 | Bailey   | Slain by Grum

Illustrated notes

Levels and vault maps discovered:
D:1:      minmay_arrival_stone_box, layout_loops_ring
D:2:      layout_basic, basic_altar
D:3:      layout_basic
D:4:      layout_basic, hellmonk_okawaru_the_only_friend_you_need,
          mainiacjoe_overflow_catwalk_spiral, minmay_cut_off
D:5:      layout_loops_ring, dk_noncrumbling_2, minivault_25
D:6:      layout_gridville, serial_shops, shop, minmay_misc_feat_rows,
          grunt_ministairs_10
D:7:      layout_basic, temple_statues, serial_shops, shop, st_stairs_14
D:8:      layout_loops_ring, mainiacjoe_overflow_tiny_flanked,
          david_lair_shrubbed, enter_bailey_5, serial_shops,
          nicolae_shop_behind_doors
Temple:   sentei_temple_godly_chess
Bailey:   bailey_polearm_gnolls_kennysheep, bailey

Skill      XL: |  1  2  3  4  5  6  7  8  9 |
---------------+----------------------------+-----
Axes           | 2 3 |  3.4
Dodging        | 2 3 4 5 |  5.8
Evocations     | 1 2 3 5 |  5.9
Armour         | 1 2 3 4 5 |  5.3
Stealth        | 5 |  5.0
Fighting       | 4 5 6 |  6.7
Throwing       | 1 2 4 |  4.9
Invocations    | 3 |  3.0

Action                   |  1- 3 |  4- 6 |  7- 9 || total
-------------------------+-------+-------+-------++-------
Melee: Spear             |    31 |    76 |   139 ||   246
       Hand axe          |     3 |       |       ||     3
       Dagger            |     2 |       |       ||     2
       Touch             |       |     4 |    22 ||    26
       Punch             |       |       |     2 ||     2
       Glaive            |       |       |    81 ||    81
       Flail             |       |       |    31 ||    31
Throw: Dart              |       |       |    22 ||    22
       Boomerang         |       |       |     6 ||     6
       Throwing net      |       |       |     1 ||     1
Evoke: Wand              |       |       |     6 ||     6
  Use: Scroll            |     2 |       |     3 ||     5
       Potion            |     1 |       |     4 ||     5
 Stab: Sleeping          |    14 |    13 |    16 ||    43
       Distracted        |       |       |     1 ||     1
       Held in net/web   |       |       |     1 ||     1
Armor: Leather armour    |     2 |       |    88 ||    90
       Ring mail         |       |     9 |     7 ||    16
Dodge: Dodged            |     6 |    16 |   241 ||   263

Table legend: (Time is in decaauts)
 A = Elapsed time spent in this place.
 B = Non-inter-level travel time spent in this place.
 C = Inter-level travel time spent in this place.
 D = Time resting spent in this place.
 E = Time spent auto-exploring this place.
 F = Levels seen in this place.
 G = Mean time per level.
                   A        B        C        D        E       F      G
               +--------+--------+--------+--------+--------+-----+--------+
         Total |   6496 |   6276 |    220 |     81 |   4847 |  10 |  649.6 |
       Dungeon |   5840 |   5620 |    220 |     54 |   4545 |   8 |  730.0 |
        Temple |      8 |      8 |      0 |      0 |      0 |   1 |    8.0 |
        Bailey |    647 |    647 |      0 |     27 |    302 |   1 |  647.0 |
               +--------+--------+--------+--------+--------+-----+--------+

Top non-repeatable levels by time:
     D:7: 1000 daAuts
     D:3: 836 daAuts
     D:5: 824 daAuts
     D:6: 798 daAuts
     D:4: 793 daAuts
     D:2: 775 daAuts
     D:1: 735 daAuts
  Bailey: 647 daAuts
     D:8: 76 daAuts
  Temple: 8 daAuts
